 Dungeon Crawl Stone Soup version 0.17-a0-1446-gc28613e (webtiles) character file.

101 urechis the Insei (level 4, 0/34 HPs)
             Began as a Vampire Monk on June 28, 2015.
             Slain by a gnoll
             ... wielding a +0 whip
              (8 damage)
             ... on level 3 of the Dungeon.
             The game lasted 00:02:44 (2484 turns).

urechis the Insei (Vampire Monk)                    Turns: 2484, Time: 00:02:44

Health: 0/34       AC:  2    Str: 10    XL:     4   Next: 48%
Magic:  4/4        EV: 14    Int: 12    God:
Gold:   77         SH:  0    Dex: 17    Spells: 0 memorised, 3 levels left

rFire  . . .     SeeInvis +       - Unarmed
rCold  + + .     Clarity  .     a - +0 robe
rNeg   + + +     SustAt   .     (no shield)
rPois  ∞         Gourm    .     (no helmet)
rElec  .         Spirit   .     (no cloak)
rCorr  .         Warding  .     (no gloves)
rMut   .         Stasis   .     (no boots)
MR     +....                    (no amulet)
Stlth  +++.......               i - ring of protection from magic
                                f - ring of positive energy (curse)

@: bloodless, non-regenerating, somewhat resistant to hostile enchantments,
fairly stealthy
A: fangs 3, see invisible, unbreathing
a: Bat Form


You were on level 3 of the Dungeon.
You were bloodless.

You visited 1 branch of the dungeon, and saw 3 of its levels.

You collected 77 gold pieces.

Inventory:

Armour
 a - a +0 robe (worn)
Jewellery
 f - a cursed ring of positive energy (left hand)
 i - a ring of protection from magic (right hand)
Scrolls
 d - a scroll of blinking {unknown}
 e - 3 scrolls of identify {unknown}
 h - a scroll of fog {unknown}
 k - a scroll of magic mapping {unknown}
 l - a scroll of remove curse {unknown}
Potions
 b - 4 potions of blood
 c - 2 potions of brilliance {unknown}
 g - a potion of invisibility {unknown}
 j - a potion of cancellation {unknown}


   Skills:
 - Level 2.6 Fighting
 - Level 3.2 Dodging
 - Level 3.0 Stealth
 + Level 6.5 Unarmed Combat


You had 3 spell levels left.
You didn't know any spells.

Dungeon Overview and Level Annotations

Branches:
Dungeon (3/15)

Altars:
Sif Muna


Innate Abilities, Weirdness & Mutations

You do not heal naturally.
You are immune to poison.
You have razor-sharp teeth.
You have supernaturally acute eyesight.
You can survive without breathing.


Message History

The gnoll closely misses you.
You hit the gnoll.
The gnoll is heavily wounded.
The gnoll hits you with a whip.
You barely miss the gnoll.
The gnoll is heavily wounded.
The gnoll closely misses you. The gnoll hits you with a whip!
You barely miss the gnoll.
The gnoll is heavily wounded.
The gnoll hits you with a flail. The gnoll closely misses you.
You closely miss the gnoll. You bite the gnoll, but do no damage.
The gnoll is heavily wounded.
The gnoll misses you. The gnoll hits you with a whip.
* * * LOW HITPOINT WARNING * * *
You barely miss the gnoll.
The gnoll is heavily wounded.
You hit the gnoll.
The gnoll is severely wounded.
The gnoll hits you with a whip!
You die...

##### ###### #...#
#....# #...# #....#
#### #...# #....#
#...###...#####....#
#..^'............#
#..##...#####....#
#.†##...# #....#
#.@###### #....#
#gg# ###.## #..# #.#
#.)# #.# #>##..#
#.### #.....# #....
#####.# ####. ..# #.
###. #.


You could see 2 gnolls.

Vanquished Creatures
  Jessica (D:2)
  2 adders (D:2)
  2 gnolls (D:3)
  An ooze (D:1)
  2 worms (D:2)
  2 giant geckos
  4 bats
  2 giant cockroaches
  2 goblins (D:2)
  2 hobgoblins (D:2)
  A quokka (D:3)
  3 giant newts
  3 jackals (D:1)
  A kobold (D:2)
  2 rats
30 creatures vanquished.

Notes
Turn   | Place    | Note
--------------------------------------------------------------
     0 | D:1      | urechis the Vampire Monk began the quest for the Orb.
     0 | D:1      | Reached XP level 1. HP: 17/17 MP: 1/1
   259 | D:1      | Reached skill level 5 in Unarmed Combat
   259 | D:1      | Reached XP level 2. HP: 21/23 MP: 2/2
   779 | D:2      | Reached XP level 3. HP: 18/28 MP: 3/3
   970 | D:2      | Found a deep blue altar of Sif Muna.
  1326 | D:2      | Noticed Jessica
  1338 | D:2      | Killed Jessica
  1338 | D:2      | Reached skill level 6 in Unarmed Combat
  1338 | D:2      | Reached XP level 4. HP: 19/34 MP: 4/4
  2359 | D:2      | Found a deep blue altar of Sif Muna.
  2484 | D:3      | Slain by a gnoll

Vault maps used:
D:1:      lordsloth_arrival_two_stooges, serial_co_window_serial,
          co_window_paths_b, co_window_corner_a, co_window_paths_a,
          co_window_corner_a, co_window_of_opportunity_a, co_window_corner_a,
          co_window_corner_cb, co_window_2corner, co_window_paths_c,
          glass_columns_a
D:2:      lemuel_coloured_pillars_altar, uniq_jessica
D:3:      first_bread

Action                   |  1- 3 |  4- 6 || total
-------------------------+-------+-------++-------
Melee: Unarmed           |    71 |    30 ||   101
 Stab: Sleeping          |     7 |     1 ||     8
